 Dungeon Crawl Stone Soup version 0.27.1-33-g824d729ab1 (webtiles) character file.

Game seed: 18118840932962485531

6 SensoryNuts the Skirmisher (level 1, -1/24 HPs)
             Began as an Ogre Fighter on Dec 7, 2021.
             Slain by a goblin (2 damage)
             ... on level 1 of the Dungeon.
             The game lasted 00:00:13 (84 turns).

SensoryNuts the Skirmisher (Ogre Fighter)             Turns: 84, Time: 00:00:13

Health: -1/24      AC:  3    Str: 19    XL:     1   Next: 90%
Magic:  1/1        EV:  8    Int:  9    God:
Gold:   19         SH:  8    Dex:  8    Spells: 0/0 levels left

rFire    . . .     SeeInvis .   a - +0 flail
rCold    . . .     Faith    .   c - +0 kite shield
rNeg     . . .     Spirit   .   b - +0 robe
rPois    .         Reflect  .   (helmet restricted)
rElec    .         Harm     .   (no cloak)
rCorr    .         Rampage  .   (gloves unavailable)
Will     .....                  (boots unavailable)
Stlth    +.........             (no amulet)
HPRegen  0.08/turn              (no ring)
MPRegen  0.07/turn              (no ring)

@: mighty
A: large, unfitting armour, tough skin 1
a: no special abilities


You were on level 1 of the Dungeon.
You visited 1 branch of the dungeon, and saw 1 of its levels.

You collected 19 gold pieces.

Inventory:

Hand Weapons
 a - a +0 flail (weapon)
Armour
 b - a +0 robe (worn)
 c - a +0 kite shield (worn)
Potions
 d - a potion of might


   Skills:
 + Level 4.2 Fighting
 + Level 1.8 Maces & Flails
 + Level 2.8 Dodging
 + Level 2.8 Shields


You couldn't memorise any spells.
You didn't know any spells.
Your spell library was empty.

Dungeon Overview and Level Annotations

Branches:
Dungeon (1/15)

Altars:


Innate Abilities, Weirdness & Mutations

You are too large for most types of armour.
You have tough skin. (AC +1)


Message History

You are too injured to fight recklessly!
Unknown command.
You hit the jackal but do no damage. You block the jackal's attack.
The jackal bites you.
The kobold hits you with a +0 short sword.
* * * LOW HITPOINT WARNING * * *
The jackal bites you.
* * * LOW HITPOINT WARNING * * *
The jackal bites you.
* * * LOW HITPOINT WARNING * * *
You feel very mighty all of a sudden. The kobold hits you but does no damage.
The jackal barely misses you. You block the jackal's attack.
You hit the kobold.
You kill the kobold!
The jackal barely misses you. You block the jackal's attack.
The jackal bites you but does no damage.
You block the jackal's attack.
You closely miss the goblin. You block the jackal's attack.
The jackal bites you.
* * * LOW HITPOINT WARNING * * *
The jackal bites you but does no damage.
The goblin hits you but does no damage. The jackal bites you.
* * * LOW HITPOINT WARNING * * *
You barely miss the jackal. The jackal barely misses you.
The jackal bites you but does no damage.
The goblin hits you but does no damage. You block the jackal's attack.
The jackal bites you but does no damage.
You block the goblin's attack. The jackal bites you.
* * * LOW HITPOINT WARNING * * *
You barely miss the goblin.
The jackal bites you but does no damage.
The jackal barely misses you.
The jackal bites you but does no damage.
The goblin hits you but does no damage. You block the jackal's attack.
You closely miss the goblin. You block the jackal's attack.
You block the goblin's attack.
The jackal bites you but does no damage.
The jackal closely misses you. The goblin hits you with a +0 dagger.
You die...

.. ..^. .#
###.###..# .
...........#
.........#.
..........
.........#
......hhg#
.......@##
.........#
########.#
######.######
#...........###
...###...###...###
##.....####...##
##...<...#####..##
#.........##
##..##


You could see 2 jackals and a goblin.

Vanquished Creatures
  2 hobgoblins (D:1)
  A jackal (D:1)
  2 kobolds (D:1)
5 creatures vanquished.

Notes
Turn   | Place    | Note
-------+----------+-------------------------------------------
     0 | D:1      | SensoryNuts the Ogre Fighter began the quest for the Orb.
     0 | D:1      | Reached XP level 1. HP: 24/24 MP: 1/1
    82 | D:1      | HP: 1/24 [jackal (1)]
    84 | D:1      | Slain by a goblin

Illustrated notes

Levels and vault maps discovered:
D:1:      dpeg_arrival_central, layout_basic

Action                   || total
-------------------------++-------
Melee: Flail             ||    18
  Use: Potion            ||     1
Armor: Robe              ||    15
Dodge: Dodged            ||    14
Block: Kite shield       ||    19
